 Dungeon Crawl Stone Soup version 0.31.0-1-g2c135a008e (webtiles) character file.

Game seed: 14607848035765250762

74 qw the Shooter (level 4, -10/35 HPs)
             Began as a Djinni Hunter on Jan 23, 2024.
             Mangled by a gnoll
             ... wielding a +0 flail
              (13 damage)
             ... on level 2 of the Dungeon.
             The game lasted 00:00:03 (764 turns).

qw the Shooter (Djinni Hunter)                       Turns: 764, Time: 00:00:04

Health: -10/35     AC:  3    Str: 10    XL:     4   Next: 54%
Gold:   151        EV: 12    Int: 10    God:
                   SH:  0    Dex: 19

rFire   + + .        a - +0 shortbow
rCold   x . .        (shield currently unavailable)
rNeg    . . .        c - +0 leather armour
rPois   inf          (no helmet)
rElec   .            (no cloak)
rCorr   .            (no gloves)
SInv    .            (boots unavailable)
Will    .....        (no amulet)
Stlth   ++           (no ring)
HPRegen 0.25/turn    (no ring)
MPRegen 0.00/turn

%: infuse magic (-11 HP)
@: flying
A: sickness immunity, fire resistance 2, cold vulnerability 1, float, innate
caster, HP casting, extra vitality 1
a: no special abilities


You were on level 2 of the Dungeon.
You visited 1 branch of the dungeon, and saw 2 of its levels.

You collected 151 gold pieces.


Innate Abilities, Weirdness & Mutations

You are immune to sickness and miasma.
You are immune to poison.
Your flesh is very heat resistant. (rF++)
You are vulnerable to cold. (rC-)
You float through the air rather than walking.
You learn spells naturally, not from books.
Your magical power is your life essence.
You have superior vitality. (+4 MHP)


   Skills:
 - Level 3.1 Fighting
 - Level 4.0 Ranged Weapons
 + Level 2.7 Dodging
 - Level 0.7 Stealth


You knew the following spells:

 Your Spells              Type           Power      Damage    Failure   Level
a - Necrotise             Necr           0%         1d4       45%         1
Your spell library was empty.

Inventory:

Hand Weapons
 a - a +0 shortbow (weapon)
Armour
 c - a +0 leather armour (worn)
Scrolls
 d - a scroll of noise {unknown}
 e - a scroll of fear {unknown}
Potions
 b - a potion of curing {unknown}
 g - a potion of enlightenment

Dungeon Overview and Level Annotations

Branches:
Dungeon (2/15)

Altars:


Message History

You shoot an arrow. The arrow hits the gnoll.
The gnoll is almost dead.
The gnoll barely misses you. The gnoll hits you but does no damage.
The gnoll completely misses you.
You shoot an arrow. The arrow closely misses the gnoll.
The gnoll misses you. The gnoll barely misses you.
You shoot an arrow. The arrow hits the gnoll!
You kill the gnoll!
The bat closely misses you. The gnoll hits you with a +0 flail!
You shoot an arrow. The arrow closely misses the gnoll.
The bat barely misses you. The gnoll hits you with a +0 flail!
You shoot an arrow.
The arrow hits the gnoll but does no damage.
The bat barely misses you. The gnoll hits you with a +0 flail.
You shoot an arrow. The arrow barely misses the gnoll.
The bat barely misses you. The gnoll closely misses you.
The gnoll barely misses you.
You shoot an arrow. The arrow hits the gnoll.
The gnoll is lightly wounded.
The bat misses you. The gnoll hits you with a +0 flail!
You shoot an arrow. The arrow hits the gnoll.
The gnoll is lightly wounded.
The bat barely misses you. The bat hits you but does no damage.
The bat closely misses you. The gnoll barely misses you.
You shoot an arrow.
The arrow hits the gnoll but does no damage.
The gnoll is lightly wounded.
The bat barely misses you. The gnoll misses you. The bat barely misses you.
You shoot an arrow. The arrow closely misses the gnoll.
The bat closely misses you. The gnoll barely misses you. The gnoll misses you.
You shoot an arrow. The arrow hits the gnoll.
The gnoll is moderately wounded.
The bat closely misses you. The gnoll hits you with a +0 flail.
You shoot an arrow. The arrow hits the gnoll.
The gnoll is moderately wounded.
The bat completely misses you. The gnoll barely misses you.
You shoot an arrow. The arrow hits the gnoll.
The gnoll is severely wounded.
The bat hits you but does no damage. x2; The gnoll hits you with a +0 flail!
You die...

#####.......####...
.....+.......'..'...
.
#............####...
.. #....P....####
#.). .##..####...#
#... #.... #..##
#### .##.#.) #..#
....).g####..#
......b@.....#
.............#
#........#####
###..##### ##. #
##### #.... #...#


You could see a gnoll and a bat.

Vanquished Creatures
  An adder (D:2)
  2 gnolls (D:2)
  A dart slug (D:1)
  4 ball pythons
  3 giant cockroaches
  7 goblins
  2 hobgoblins (D:1)
  6 jackals (D:1)
  5 kobolds
  6 bats
  3 frilled lizards
  3 rats (D:1)
43 creatures vanquished.

Notes
Turn   | Place    | Note
-------+----------+-------------------------------------------
     0 | D:1      | qw the Djinni Hunter began the quest for the Orb.
     0 | D:1      | Reached XP level 1. HP: 18/18 MP: 0/0
     0 | D:1      | 0 ||| qw: Version: 0.3-a-134-g2ba4250
     0 | D:1      | 0 ||| qw: Game counter: 675
     0 | D:1      | 0 ||| qw: Melee chars always use a shield: true
     0 | D:1      | 0 ||| qw: God list: Okawaru
     0 | D:1      | 0 ||| qw: Allow faded altars: false
     0 | D:1      | 0 ||| qw: Do Orc after clearing Dungeon:15 true
     0 | D:1      | 0 ||| qw: Do second Lair branch before Depths: true
     0 | D:1      | 0 ||| qw: Lair rune preference: random
     0 | D:1      | 0 ||| qw: Goals: Normal
     0 | D:1      | 0 ||| PLANNING D:1-11
    69 | D:1      | Reached XP level 2. HP: 21/23 MP: 0/0
   172 | D:1      | Reached XP level 3. HP: 28/28 MP: 0/0
   172 | D:1      | Learned a level 1 spell: Necrotise
   184 | D:1      | Reached skill level 4 in Ranged Weapons
   474 | D:1      | 474 ||| READING 2 scrolls labelled VIGUUT ITONN.
   475 | D:1      | 475 ||| READING scroll labelled JYLOFACSAW.
   476 | D:1      | 476 ||| READING scroll labelled PAYCULUODU.
   476 | D:1      | 476 ||| IDENTIFYING 2 viscous dark potions
   477 | D:1      | 477 ||| DRINKING 2 bubbling yellow potions.
   478 | D:1      | 478 ||| DROPPING scroll of butterflies.
   479 | D:1      | 479 ||| DROPPING scroll of poison.
   480 | D:1      | 480 ||| DROPPING 2 potions of brilliance.
   641 | D:2      | Found a faded altar of an unknown god.
   679 | D:2      | Reached skill level 3 in Fighting
   679 | D:2      | Reached XP level 4. HP: 27/35 MP: 0/0
   758 | D:2      | HP: 2/35 [gnoll/+0 flail (10)]
   764 | D:2      | Mangled by a gnoll

Levels and vault maps discovered:
D:1:      erik_arrival_blinker_ship, layout_rooms, chequers_avenue,
          minmay_tromino_v2
D:2:      layout_basic, chequers_ecumenical_altar_simple, corexii_shack,
          uniq_natasha

Skill      XL: |  1  2  3 |
---------------+----------+-----
Ranged Weapons | 4 |  4.0
Fighting       | 3 |  3.1
Dodging        | |  2.7
Stealth        | |  0.7

Action                     |  1- 3 |  4- 6 || total
---------------------------+-------+-------++-------
   Fire: Shortbow          |   113 |    19 ||   132
    Use: Scroll            |     3 |       ||     3
         Potion            |     1 |       ||     1
 Armour: Leather armour    |    26 |    10 ||    36
  Dodge: Dodged            |    36 |    23 ||    59

Table legend:
 A = Non-vault XP
 B = Vault XP
 C = Vault XP percentage of total XP
 D = Non-vault monster count
 E = Vault monster count
 F = Vault count percentage of total count
                 A         B        C        D         E       F
            +---------+---------+-------+---------+---------+-------
      Total |     105 |       2 |   1.9 |      42 |       1 |   2.3
            +---------+---------+-------+---------+---------+-------
        D:1 |      54 |       2 |   3.6 |      32 |       1 |   3.0
        D:2 |      51 |       0 |   0.0 |      10 |       0 |   0.0
            +---------+---------+-------+---------+---------+-------
